[Event "Titled Tuesday Blitz February 28 Early 2023"]
[White "Melikyan, Gnel"]
[Black "Gutkin, Ilya"]
[WhiteFideId "54109990"]
[BlackFideId "16203470"]
[WhiteElo "2138"]
[BlackElo "2265"]
[Result "1-0"]
[Round "04"]
[TimeControl "180+2"]
[Date "2023.02.28"]
[WhiteClock "0:00:06"]
[BlackClock "0:00:01"]

1. a3 e5 2. c4 Nf6 3. Nc3 c6 4. d4 exd4 5. Qxd4 d5 6. cxd5 cxd5 7. Bg5 Nc6 8. Qd2 Be6 9. e3 h6 10. Bh4 g5 11. Bg3 Ne4 12. Nxe4 dxe4 13. Qxd8+ Rxd8 14. Ne2 Bg7 15. Nc3 Ne5 16. Bb5+ Ke7 17. O-O a6 18. Be2 Rd2 19. Rfe1 f5 20. Na4 Rc8 21. Rab1 Ba2 22. Ra1 Bb3 23. Nc3 b5 24. Bd1 Be6 25. Re2 Rcd8 26. Rc1 Nc4 27. Rxd2 Rxd2 28. b3 Nb2 29. Bh5 Nd3 30. Nb1 Rb2 31. Rc7+ Kf6 32. Nc3 f4 33. Nxe4+ Kf5 34. Nd6+ Ke5 35. exf4+ Kxd6 36. fxg5+ Be5 37. Bxe5+ Kxe5 38. h4 hxg5 39. hxg5 Nf4 40. Bf3 Rxb3 41. Rc5+ Kd6 42. Rc6+ Ke5 43. Rxa6 Nd3 44. g6 Rb1+ 45. Kh2 Nxf2 46. g7 Rc1 47. Rxe6+ Kxe6 48. g8=Q+ Ke5 49. Qg5+ 1-0


[Site "https://www.chess.com"]

[Event "Titled Tuesday Blitz February 28 Early 2023"]
[White "Skvortsov, Andrei"]
[Black "Vaglio Munoz, Jaime"]
[WhiteFideId "24108600"]
[BlackFideId "6500145"]
[WhiteElo "2259"]
[BlackElo "2199"]
[Result "1-0"]
[Round "04"]
[TimeControl "180+2"]
[Date "2023.02.28"]
[WhiteClock "0:00:08"]
[BlackClock "0:00:12"]

1. d4 c6 2. e4 g6 3. h3 d5 4. Nc3 Bg7 5. Nf3 Qa5 6. e5 h5 7. Nd2 b5 8. a3 Qb6 9. Nb3 a5 10. Be3 Nh6 11. Bd3 Bf5 12. Bxh6 Rxh6 13. Bxf5 gxf5 14. Qd3 e6 15. O-O Nd7 16. Qg3 Rg6 17. Qh4 c5 18. Ne2 cxd4 19. Nf4 Rh6 20. Nxh5 Bf8 21. Qg5 Rg6 22. Qf4 Bh6 23. Qxd4 Rc8 24. Qxb6 Nxb6 25. Nd4 Nc4 26. Nf6+ Ke7 27. f4 a4 28. Rf2 Rxf6 29. exf6+ Kxf6 30. b3 axb3 31. cxb3 Nd6 32. a4 bxa4 33. bxa4 Ne4 34. Rc2 Ra8 35. Ne2 Bf8 36. a5 Ra6 37. Rb2 Bc5+ 38. Kh2 d4 39. Nc1 Bd6 40. Nd3 Nc3 41. Rb6 Nd5 42. Rxa6 Bb8 43. Ra8 Bc7 44. Rc8 Bd6 45. Rd8 Bc7 46. Rd7 Bb8 47. a6 Nxf4 48. Nxf4 Bxf4+ 49. Kg1 e5 50. a7 d3 51. a8=Q d2 52. Qc6+ Kg5 53. Qc2 Be3+ 54. Kf1 e4 55. Rd1 Kf4 56. R7xd2 Bb6 57. Rd6 Bc7 58. Qxc7 Ke3 59. R6d2 f4 60. Qc3# 1-0


[Site "https://www.chess.com"]

[Event "Titled Tuesday Blitz February 28 Early 2023"]
[White "Jakubowski, Krzysztof"]
[Black "Estrada Nieto, Julian"]
[WhiteFideId "1112848"]
[BlackFideId "5101018"]
[WhiteElo "2359"]
[BlackElo "2176"]
[Result "1-0"]
[Round "04"]
[TimeControl "180+2"]
[Date "2023.02.28"]
[WhiteClock "0:00:12"]
[BlackClock "0:00:16"]

1. e4 e5 2. Nf3 Nc6 3. Bc4 Bc5 4. c3 Nf6 5. b4 Bb6 6. d3 a6 7. O-O d6 8. Nbd2 O-O 9. Bb3 h6 10. Nc4 Ba7 11. Ne3 Re8 12. Re1 Be6 13. h3 Qd7 14. Qc2 Rad8 15. Bb2 d5 16. exd5 Nxd5 17. Nxd5 Bxd5 18. Bxd5 Qxd5 19. Red1 Rd7 20. a3 Qe6 21. Re1 Qf5 22. c4 Qxd3 23. Qxd3 Rxd3 24. Rad1 Rxd1 25. Rxd1 e4 26. Nh4 e3 27. fxe3 Bxe3+ 28. Kf1 Re4 29. Nf5 Rf4+ 30. Ke2 Rxf5 31. Kxe3 f6 32. Rd7 Ne5 33. Rxc7 b5 34. g4 Rf3+ 35. Ke4 Rxh3 36. Bxe5 fxe5 37. c5 Rxa3 38. c6 Rc3 39. Kxe5 Rc4 40. Kd6 Rxb4 41. Ra7 Rd4+ 42. Ke6 Rxg4 43. c7 Rc4 44. Ra8+ Kh7 45. c8=Q Rxc8 46. Rxc8 Kg6 47. Rc1 Kh5 48. Kf5 g6+ 49. Kf4 g5+ 50. Kf5 Kh4 51. Rh1+ Kg3 52. Rxh6 b4 53. Rb6 Kf3 54. Rxb4 g4 55. Rxg4 a5 56. Ra4 Ke3 57. Rxa5 Kd3 58. Re5 Kc3 59. Kf4 Kb3 60. Ke4 Kb4 61. Rd5 Kc4 62. Ke5 Kc3 63. Rc5+ Kb4 64. Kd4 Kb3 65. Rc4 1-0


[Site "https://www.chess.com"]

[Event "Titled Tuesday Blitz February 28 Early 2023"]
[White "Koridze, Lile"]
[Black "Han, Yichen"]
[WhiteFideId "13612514"]
[BlackFideId "1054430"]
[WhiteElo "2047"]
[BlackElo "2342"]
[Result "1-0"]
[Round "04"]
[TimeControl "180+2"]
[Date "2023.02.28"]
[WhiteClock "0:01:10"]
[BlackClock "0:00:16"]

1. d4 Nf6 2. c4 c5 3. d5 b5 4. cxb5 a6 5. bxa6 Bxa6 6. Nc3 g6 7. e4 Bxf1 8. Kxf1 d6 9. g3 Bg7 10. Kg2 O-O 11. Nf3 Na6 12. Qe2 Nd7 13. Nd2 Nb4 14. Nc4 Qc8 15. a4 Qa6 16. Bg5 Rfe8 17. Nb5 Qb7 18. Bd2 Reb8 19. Bc3 Bxc3 20. bxc3 Nxd5 21. exd5 Qxd5+ 22. f3 Qg5 23. Rhe1 Kf8 24. h4 Qf6 25. Nc7 Ra7 26. Nd5 Qe6 27. Qxe6 fxe6 28. Rxe6 Nb6 29. Ndxb6 Rxb6 30. Nxb6 1-0


[Site "https://www.chess.com"]

[Event "Titled Tuesday Blitz February 28 Early 2023"]
[White "Fiorito, Joaquin"]
[Black "Cheng, Xiao"]
[WhiteFideId "180173"]
[BlackFideId "2022915"]
[WhiteElo "2157"]
[BlackElo "2369"]
[Result "1-0"]
[Round "04"]
[TimeControl "180+2"]
[Date "2023.02.28"]
[WhiteClock "0:00:32"]
[BlackClock "0:00:59"]

1. d4 Nf6 2. Nc3 d5 3. Bf4 c6 4. e3 Bf5 5. f3 h6 6. g4 Bh7 7. Qd2 Nbd7 8. h4 e6 9. O-O-O b5 10. Kb1 Qa5 11. Nxd5 Qxd2 12. Nxf6+ Nxf6 13. Rxd2 Nd5 14. Nh3 Bb4 15. Rd1 g5 16. hxg5 hxg5 17. Bxg5 f6 18. Bf4 Nxf4 19. exf4 Bg6 20. Bd3 Bf7 21. Nf2 Ke7 22. c3 Ba5 23. Ne4 Bc7 24. f5 exf5 25. gxf5 Rh5 26. Rhe1 Kf8 27. Nxf6 Rh2 28. Nd7+ Kg7 29. f6+ Kh6 30. Rh1 Kg5 31. Rdg1+ Kh4 32. Ne5 Bxe5 33. dxe5 Rxh1 34. Rxh1+ Kg3 35. Rh7 Bd5 36. Be4 Be6 37. Re7 Bc4 38. b3 Bg8 39. f7 Bxf7 40. Rxf7 Re8 41. f4 c5 42. Bc6 Rd8 43. e6 Rd6 44. e7 Rxc6 45. e8=Q Rd6 46. Qe3+ Kg4 47. Rg7+ Kf5 48. Qe5# 1-0


[Site "https://www.chess.com"]

[Event "Titled Tuesday Blitz February 28 Early 2023"]
[White "Crevatin, Leo"]
[Black "Rian, Kapriaga"]
[WhiteFideId "1726307"]
[BlackFideId "7103263"]
[WhiteElo "2190"]
[BlackElo "2367"]
[Result "1/2-1/2"]
[Round "04"]
[TimeControl "180+2"]
[Date "2023.02.28"]
[WhiteClock "0:00:02"]
[BlackClock "0:00:01"]

1. e4 c6 2. Nf3 d5 3. Nc3 Bg4 4. h3 Bxf3 5. Qxf3 Nf6 6. Be2 e6 7. O-O Nbd7 8. d4 dxe4 9. Nxe4 Nxe4 10. Qxe4 Bd6 11. Bf3 O-O 12. g3 Qf6 13. Bg2 Rad8 14. c3 Rfe8 15. Qg4 Qg6 16. Qxg6 hxg6 17. Re1 e5 18. dxe5 Nxe5 19. Bf4 Nc4 20. Rxe8+ Rxe8 21. Bxd6 Nxd6 22. Rd1 Nc4 23. b3 Nb6 24. Kf1 Kf8 25. c4 Ke7 26. c5 Nd7 27. b4 Ra8 28. Rc1 a5 29. b5 Rc8 30. bxc6 bxc6 31. Ke2 Kd8 32. Kd3 Kc7 33. Kd4 Rb8 34. Re1 Rb2 35. a3 Rxf2 36. Be4 Ra2 37. Re3 Ra1 38. g4 Rd1+ 39. Bd3 Kd8 40. Rf3 f6 41. Ke3 Ne5 42. Be2 Ra1 43. Rf1 Rxa3+ 44. Ke4 Rxh3 45. Ra1 Rc3 46. Rxa5 Rc2 47. Ke3 Rc3+ 48. Kd2 Rg3 49. Ra8+ Ke7 50. Ra7+ Ke6 51. Rxg7 g5 52. Rc7 Kd5 53. Rc8 Kxc5 54. Rf8 Nd7 55. Rf7 Kd6 56. Bd3 Rxg4 57. Rxd7+ Kxd7 58. Bf5+ Kd6 59. Bxg4 Ke5 60. Ke3 f5 61. Bh5 g4 62. Be8 c5 63. Bb5 f4+ 64. Kd3 Kd5 65. Bc4+ Ke5 66. Bb5 g3 67. Bc6 1/2-1/2


[Site "https://www.chess.com"]

[Event "Titled Tuesday Blitz February 28 Early 2023"]
[White "Odegov, Artem"]
[Black "Gatterer, Florian"]
[WhiteFideId "34183644"]
[BlackFideId "811688"]
[WhiteElo "2300"]
[BlackElo "2221"]
[Result "1-0"]
[Round "04"]
[TimeControl "180+2"]
[Date "2023.02.28"]
[WhiteClock "0:00:27"]
[BlackClock "0:00:16"]

1. d4 d5 2. c4 c6 3. Nc3 Nf6 4. Nf3 dxc4 5. a4 Bf5 6. Ne5 Nbd7 7. Nxc4 Qc7 8. g3 e5 9. dxe5 Nxe5 10. Bf4 Nfd7 11. Bg2 g5 12. Ne3 gxf4 13. Nxf5 O-O-O 14. Qc2 Kb8 15. Rd1 fxg3 16. hxg3 Nf6 17. Rxd8+ Qxd8 18. O-O a5 19. Ne4 Nxe4 20. Qxe4 f6 21. Qc2 h5 22. Rd1 Qb6 23. e3 Bc5 24. Ng7 h4 25. gxh4 Rxh4 26. Ne6 Bb4 27. Qf5 Be7 28. Rd2 Ka7 29. Nf4 Nc4 30. Rd7 Bc5 31. Nd3 Bxe3 32. fxe3 Nxe3 33. Qc5 Rg4 34. Qxb6+ Kxb6 35. Ne1 Nxg2 36. Nxg2 Rc4 37. Rd2 Rxa4 38. Kf2 Rc4 39. Ne3 Re4 40. Kf3 Re6 41. Kf4 Kb5 42. Nc2 Re8 43. Nd4+ Kb4 44. Nf5 Kb3 45. Nd6 Rb8 46. Ne4 a4 47. Nc5+ Ka2 48. Nxa4 Kb3 49. Nc5+ Kc4 50. Nd7 Ra8 51. Nb6+ Kb3 52. Nxa8 Ka2 53. Nb6 Kb1 54. Nd7 Kc1 55. Rh2 Kb1 56. Nxf6 Kc1 57. Ne8 Kb1 58. Nd6 Kc1 59. Nxb7 Kb1 60. Na5 Kc1 61. Nxc6 Kb1 62. b4 Kc1 63. b5 Kb1 64. b6 Kc1 65. b7 Kb1 66. b8=Q+ Kc1 67. Qb2+ Kd1 68. Qd2# 1-0


[Site "https://www.chess.com"]

[Event "Titled Tuesday Blitz February 28 Early 2023"]
[White "Todorovic, Bojan"]
[Black "Williams, Simon K"]
[WhiteFideId "917087"]
[BlackFideId "404454"]
[WhiteElo "2266"]
[BlackElo "2468"]
[Result "0-1"]
[Round "04"]
[TimeControl "180+2"]
[Date "2023.02.28"]
[WhiteClock "0:00:46"]
[BlackClock "0:00:54"]

1. Nf3 f5 2. g3 Nf6 3. Bg2 d6 4. d4 e6 5. O-O Be7 6. c3 O-O 7. Nbd2 Nc6 8. Qc2 e5 9. dxe5 dxe5 10. e4 f4 11. Nc4 fxg3 12. hxg3 Qe8 13. Bg5 Qh5 14. Bh4 Bg4 15. Ng5 h6 16. Qb3 hxg5 17. Nb6+ Kh8 18. Nxa8 gxh4 19. Qxb7 h3 0-1


[Site "https://www.chess.com"]

[Event "Titled Tuesday Blitz February 28 Early 2023"]
[White "Souleidis, Georgios"]
[Black "Ansh M Shah"]
[WhiteFideId "4206827"]
[BlackFideId "25033379"]
[WhiteElo "2401"]
[BlackElo "2084"]
[Result "1-0"]
[Round "04"]
[TimeControl "180+2"]
[Date "2023.02.28"]
[WhiteClock "0:00:15"]
[BlackClock "0:00:02"]

1. d4 Nf6 2. Bf4 e6 3. e3 d5 4. Nd2 Be7 5. Bd3 O-O 6. c3 c5 7. Ngf3 Nbd7 8. Ne5 Nxe5 9. dxe5 Nd7 10. Qh5 g6 11. Qe2 f5 12. exf6 Bxf6 13. Bg3 e5 14. e4 d4 15. O-O Qe7 16. a4 b6 17. Bc4+ Kg7 18. Bd5 Rb8 19. cxd4 cxd4 20. Rfc1 a5 21. Rc7 Qd6 22. Rac1 Bd8 23. Rxc8 Rxc8 24. Rxc8 Nc5 25. Nc4 Qd7 26. Bxe5+ Kh6 27. Rc6 d3 28. Qd2+ Bg5 29. f4 Bd8 30. Bd4 Qg4 31. Bxc5 bxc5 32. Qxd3 Rxf4 33. Qh3+ Qxh3 34. gxh3 Bf6 35. e5 Bg5 36. e6 1-0


[Site "https://www.chess.com"]

[Event "Titled Tuesday Blitz February 28 Early 2023"]
[White "Jenkins, Drake"]
[Black "Sourath Biswas"]
[WhiteFideId "2022397"]
[BlackFideId "35091484"]
[WhiteElo "2355"]
[BlackElo "2164"]
[Result "1-0"]
[Round "04"]
[TimeControl "180+2"]
[Date "2023.02.28"]
[WhiteClock "0:01:15"]
[BlackClock "0:01:06"]

1. Nf3 Nf6 2. c4 g6 3. Nc3 Bg7 4. g3 O-O 5. Bg2 d6 6. O-O e5 7. Rb1 a5 8. a3 Bf5 9. d3 Nc6 10. b4 axb4 11. axb4 e4 12. Nh4 exd3 13. Nxf5 dxe2 14. Qxe2 gxf5 15. Bg5 Qd7 16. Bxf6 Bxf6 17. Nd5 Bg7 18. Bh3 Nd4 19. Qh5 Rae8 20. Rbd1 h6 21. Rxd4 Bxd4 22. Bxf5 Qd8 23. Qxh6 1-0


[Site "https://www.chess.com"]

[Event "Titled Tuesday Blitz February 28 Early 2023"]
[White "Thorhallsson, Simon"]
[Black "Petrova, Irina"]
[WhiteFideId "2310090"]
[BlackFideId "14124122"]
[WhiteElo "2108"]
[BlackElo "2084"]
[Result "0-1"]
[Round "04"]
[TimeControl "180+2"]
[Date "2023.02.28"]
[WhiteClock "0:00:02"]
[BlackClock "0:00:12"]

1. e4 d6 2. d4 g6 3. Nc3 Nf6 4. Nf3 Bg7 5. Be2 O-O 6. O-O Bg4 7. Be3 Nc6 8. d5 Bxf3 9. Bxf3 Ne5 10. Be2 c6 11. f4 Ned7 12. dxc6 bxc6 13. Bc4 Qa5 14. Bb3 Nc5 15. Qf3 Nfd7 16. Bd2 Qb6 17. Kh1 Nxb3 18. axb3 Nc5 19. Be3 Qb4 20. e5 d5 21. Rfd1 Ne6 22. Ra4 Qb7 23. Bf2 f6 24. exf6 Bxf6 25. Qg4 Ng7 26. Rda1 a6 27. Bc5 Nf5 28. Qe2 Rf7 29. Rxa6 Rxa6 30. Qxa6 Qd7 31. Qb6 Rf8 32. Re1 Nh4 33. Qa6 Qg4 34. Qe2 Qxf4 35. Rf1 Qg5 36. g3 Nf5 37. Qe6+ Kg7 38. Qe1 Qh5 39. Ne2 Be5 40. Nf4 Bxf4 41. Rxf4 Qh3 42. Rf3 Nxg3+ 43. Qxg3 Rxf3 44. Bd4+ Kf7 0-1


[Site "https://www.chess.com"]

[Event "Titled Tuesday Blitz February 28 Early 2023"]
[White "Tiarks, Jann-Christian"]
[Black "Jaskolka, Tomasz"]
[WhiteFideId "12951595"]
[BlackFideId "1170791"]
[WhiteElo "2194"]
[BlackElo "2155"]
[Result "0-1"]
[Round "04"]
[TimeControl "180+2"]
[Date "2023.02.28"]
[WhiteClock "0:00:14"]
[BlackClock "0:00:18"]

1. e4 c5 2. b4 cxb4 3. a3 e5 4. Nf3 Nc6 5. axb4 Bxb4 6. c3 Be7 7. d4 exd4 8. cxd4 d5 9. e5 Bg4 10. Be2 Qb6 11. Be3 Bb4+ 12. Nbd2 Bxf3 13. Bxf3 Nxd4 14. Bxd5 Rd8 15. Qa4+ Qb5 16. Qxb5+ Nxb5 17. Bxb7 Ne7 18. Rb1 a5 19. Rxb4 axb4 20. Bc5 Rb8 21. Bf3 Ng6 22. Nc4 Kd7 23. O-O Nc3 24. Ra1 Rhc8 25. Bg4+ Kc6 26. Bxc8 Kxc5 27. Ba6 Ra8 28. Ra5+ Kd4 29. g3 Rxa6 30. Rxa6 Kxc4 31. f4 b3 32. Rc6+ Kd3 33. Rb6 Kc2 34. h4 Ne7 35. g4 Ned5 36. Rb7 b2 37. f5 b1=Q+ 38. Rxb1 Kxb1 39. Kf2 Kc2 40. Kg3 Kd3 41. g5 Ke4 42. e6 fxe6 43. fxe6 Ne7 44. h5 Ncd5 45. Kg4 g6 46. hxg6 hxg6 47. Kg3 Ne3 48. Kh4 Kf3 49. Kh3 N7f5 50. Kh2 Ng4+ 51. Kh3 Nf2+ 52. Kh2 Ne7 53. Kg1 Ne4 54. Kh2 Nxg5 55. Kg1 Nxe6 56. Kh2 Nf4 57. Kg1 Ke2 58. Kh2 g5 59. Kg3 Ne6 60. Kg4 Ke3 61. Kg3 Ke4 62. Kg4 Ke5 63. Kf3 Kf5 64. Kg3 g4 65. Kg2 Kf4 66. Kf2 g3+ 67. Kg2 Kg4 68. Kg1 Kf3 69. Kf1 Nf4 70. Kg1 Ne2+ 71. Kf1 g2+ 72. Ke1 g1=Q+ 0-1


[Site "https://www.chess.com"]

[Event "Titled Tuesday Blitz February 28 Early 2023"]
[White "Llanos, Guillermo"]
[Black "Ljukin, Sergei"]
[WhiteFideId "100358"]
[BlackFideId "14102200"]
[WhiteElo "2225"]
[BlackElo "2312"]
[Result "1-0"]
[Round "04"]
[TimeControl "180+2"]
[Date "2023.02.28"]
[WhiteClock "0:00:33"]
[BlackClock "0:00:02"]

1. g3 e5 2. Nf3 Nc6 3. d4 e4 4. Ne5 d5 5. Nxc6 bxc6 6. c4 f5 7. Nc3 Nf6 8. Bg5 Be7 9. Bxf6 Bxf6 10. e3 O-O 11. Qa4 Bd7 12. Qa5 Rb8 13. O-O-O Be6 14. c5 g5 15. Qxa7 f4 16. gxf4 gxf4 17. Rg1+ Kh8 18. Qa6 Qd7 19. Qe2 Rg8 20. Rxg8+ Rxg8 21. Qd2 f3 22. b4 Bh4 23. b5 Rb8 24. a4 Qg7 25. bxc6 Qg1 26. Ba6 Qxf2 27. Bb7 Bc8 28. Bxc8 Rxc8 29. Qxf2 Bxf2 30. Nxd5 Ra8 31. Rf1 Bh4 32. Nxc7 Rxa4 33. Kb2 Bg5 34. Nd5 Ra8 35. c7 Kg7 36. Kc3 1-0


[Site "https://www.chess.com"]

[Event "Titled Tuesday Blitz February 28 Early 2023"]
[White "Kodinets, Konstantin L."]
[Black "Lucassen, Mickey"]
[WhiteFideId "4122011"]
[BlackFideId "12919110"]
[WhiteElo "2447"]
[BlackElo "2345"]
[Result "0-1"]
[Round "04"]
[TimeControl "180+2"]
[Date "2023.02.28"]
[WhiteClock "0:01:42"]
[BlackClock "0:01:11"]

1. d4 Nf6 2. Nf3 g6 3. Bg5 Bg7 4. Nbd2 O-O 5. e4 d6 6. c3 Qe8 7. a4 e5 8. dxe5 dxe5 9. Bc4 Nc6 10. a5 a6 11. O-O Be6 12. Bxe6 Qxe6 13. Bxf6 Bxf6 14. Qb3 Qe7 15. Nc4 Qc5 16. Rfd1 Rfd8 17. Qa4 Kg7 18. g3 Rxd1+ 19. Rxd1 Rd8 20. Rxd8 Bxd8 21. h4 h6 22. Kg2 Bf6 23. Ne1 Qb5 24. Qa2 Be7 25. b4 b6 26. axb6 cxb6 27. Nc2 a5 28. N2a3 Qa4 29. Nxb6 Qd1 30. bxa5 Nxa5 31. Qd5 Qxd5 32. exd5 Bxa3 33. g4 Nb7 34. Nc4 Bd6 35. g5 hxg5 36. hxg5 f5 37. gxf6+ Kxf6 38. Kf3 Bc7 39. Ke4 Nd6+ 40. Nxd6 Bxd6 41. c4 Bc5 42. f3 g5 43. Kd3 Kf5 0-1


[Site "https://www.chess.com"]

[Event "Titled Tuesday Blitz February 28 Early 2023"]
[White "Matveeva, Olga"]
[Black "Lehtosaari, Mauri"]
[WhiteFideId "24107018"]
[BlackFideId "501999"]
[WhiteElo "2056"]
[BlackElo "2525"]
[Result "0-1"]
[Round "04"]
[TimeControl "180+2"]
[Date "2023.02.28"]
[WhiteClock "0:00:13"]
[BlackClock "0:00:39"]

1. d4 d5 2. c4 c6 3. Nf3 Nf6 4. e3 Bg4 5. h3 Bh5 6. g4 Bg6 7. Nc3 e6 8. Nh4 Be4 9. f3 Nfd7 10. Ng2 Bg6 11. h4 h6 12. Nf4 Bh7 13. Bd2 Bd6 14. Nce2 Be7 15. Ng2 dxc4 16. Nef4 b5 17. a4 a6 18. b3 cxb3 19. Qxb3 Nb6 20. axb5 axb5 21. Rxa8 Nxa8 22. Be2 Nb6 23. Kf2 Nd5 24. Kg3 Nd7 25. Ra1 O-O 26. Ra7 N7b6 27. Nd3 Qb8+ 0-1


[Site "https://www.chess.com"]

[Event "Titled Tuesday Blitz February 28 Early 2023"]
[White "Ibadov, Dashgyn"]
[Black "Mesa Cruz, Juan Carlos"]
[WhiteFideId "24107514"]
[BlackFideId "6423400"]
[WhiteElo "2208"]
[BlackElo "2119"]
[Result "0-1"]
[Round "04"]
[TimeControl "180+2"]
[Date "2023.02.28"]
[WhiteClock "0:00:04"]
[BlackClock "0:00:03"]

1. d4 Nf6 2. Nf3 e6 3. Bf4 d5 4. e3 c5 5. c3 Nc6 6. Nbd2 Bd6 7. Ne5 Qc7 8. Ndf3 Nd7 9. Nxd7 Bxd7 10. Bxd6 Qxd6 11. Bd3 e5 12. dxe5 Nxe5 13. Nxe5 Qxe5 14. O-O O-O 15. Re1 b6 16. Qc2 g6 17. c4 Bc6 18. Rad1 Rad8 19. Bf1 Rfe8 20. cxd5 Rxd5 21. Rxd5 Qxd5 22. Rd1 Qe6 23. Bc4 Qe7 24. Qd3 Kg7 25. h3 Qf6 26. b3 Re7 27. Qd6 Rd7 28. Qxf6+ Kxf6 29. Rxd7 Bxd7 30. f4 b5 31. Bd3 Ke6 32. Kf2 f5 33. e4 fxe4 34. Bxe4 Kd6 35. Ke3 Bf5 36. Bxf5 gxf5 37. g4 Ke6 38. g5 Kf7 39. a4 a6 40. Kd3 Kg6 41. Kc3 Kh5 42. axb5 axb5 43. b4 c4 0-1


[Site "https://www.chess.com"]

[Event "Titled Tuesday Blitz February 28 Early 2023"]
[White "Begunov, Konstantin"]
[Black "Ilkhomi, Jaloliddin"]
[WhiteFideId "4118510"]
[BlackFideId "14700948"]
[WhiteElo "2118"]
[BlackElo "2045"]
[Result "0-1"]
[Round "04"]
[TimeControl "180+2"]
[Date "2023.02.28"]
[WhiteClock "0:00:02"]
[BlackClock "0:00:17"]

1. d4 Nf6 2. c4 e6 3. Nf3 b6 4. g3 Bb7 5. Bg2 d5 6. Nc3 Nbd7 7. cxd5 Nxd5 8. O-O Bd6 9. Re1 Nxc3 10. bxc3 c5 11. Bg5 Be7 12. Bxe7 Qxe7 13. Qd3 O-O 14. Ng5 Nf6 15. Ne4 Nxe4 16. Bxe4 Bxe4 17. Qxe4 Rad8 18. e3 Rd7 19. a4 Rc8 20. Reb1 Rb7 21. a5 b5 22. a6 Rb6 23. Ra5 Qd7 24. c4 b4 25. Rxc5 Rxc5 26. dxc5 Rb8 27. Rxb4 Rc8 28. Rb7 Qd1+ 29. Kg2 g6 30. Qf4 Rf8 31. Rb8 Qa4 32. Qd6 Rxb8 33. Qxb8+ Kg7 34. Qe5+ Kh6 35. Qf4+ Kg7 36. Qd4+ Kh6 37. Qd6 Qxc4 38. c6 Qxa6 39. Qf4+ Kg7 40. Qd4+ Kh6 41. Qd7 Qb5 42. Qd6 Qb6 0-1


[Site "https://www.chess.com"]

[Event "Titled Tuesday Blitz February 28 Early 2023"]
[White "Kozlov, Gennady"]
[Black "Kostiukov, Alexandr"]
[WhiteFideId "4191668"]
[BlackFideId "14108100"]
[WhiteElo "2356"]
[BlackElo "2202"]
[Result "1-0"]
[Round "04"]
[TimeControl "180+2"]
[Date "2023.02.28"]
[WhiteClock "0:02:49"]
[BlackClock "0:02:01"]

1. b3 g6 2. Bb2 Nf6 3. e3 Bg7 4. f4 O-O 5. Nf3 c5 6. Be2 d5 7. O-O Nc6 8. Ne5 Bd7 9. Nxc6 Bxc6 10. Bf3 Qd7 11. Qe2 Rfe8 12. d3 d4 13. e4 e5 14. fxe5 Rxe5 15. Nd2 b5 16. a4 a6 17. axb5 axb5 18. Rxa8+ Bxa8 19. Ra1 Bc6 20. Qf2 h5 21. Qg3 Ng4 22. Bxg4 hxg4 23. Nf1 Bh6 24. Qxe5 1-0


[Site "https://www.chess.com"]

[Event "Titled Tuesday Blitz February 28 Early 2023"]
[White "Martic, Ivan"]
[Black "Piriflillo"]
[WhiteFideId "929301"]
[WhiteElo "2360"]
[BlackElo "2333"]
[Result "1-0"]
[Round "04"]
[TimeControl "180+2"]
[Date "2023.02.28"]
[WhiteClock "0:01:42"]
[BlackClock "0:00:35"]

1. e4 e5 2. Nf3 Nc6 3. d3 Nf6 4. c3 d5 5. Nbd2 g6 6. Be2 Bg7 7. O-O O-O 8. b4 d4 9. Bb2 dxc3 10. Bxc3 Nd7 11. b5 Ne7 12. Nc4 f6 13. Bb4 Re8 14. Qb3 Kh8 15. d4 b6 16. dxe5 fxe5 17. Ng5 Rf8 18. Ne6 Qe8 19. Nxc7 Qf7 20. Nxa8 Bb7 21. Nc7 Rc8 22. Na6 Bxa6 23. bxa6 Nc5 24. Bxc5 Rxc5 25. Nd6 Qf8 26. Nf7+ Kg8 27. Ng5+ Kh8 28. Ne6 1-0


[Site "https://www.chess.com"]

[Event "Titled Tuesday Blitz February 28 Early 2023"]
[White "Kalajzic, Ivan"]
[Black "Skaric, Djuro"]
[WhiteFideId "14506378"]
[BlackFideId "934569"]
[WhiteElo "2203"]
[BlackElo "2282"]
[Result "1/2-1/2"]
[Round "04"]
[TimeControl "180+2"]
[Date "2023.02.28"]
[WhiteClock "0:00:05"]
[BlackClock "0:00:18"]

1. b3 d6 2. Bb2 Nf6 3. e3 g6 4. Bxf6 exf6 5. c4 Bg7 6. Nc3 O-O 7. g3 Nc6 8. Bg2 f5 9. Nge2 h6 10. O-O g5 11. d4 Ne7 12. Qd3 Ng6 13. f4 g4 14. e4 Ne7 15. e5 dxe5 16. fxe5 Bxe5 17. Rad1 Bg7 18. Nf4 Nc6 19. Nce2 Re8 20. Nd5 Ne7 21. Nef4 c6 22. Nxe7+ Qxe7 23. d5 Qc5+ 24. Kh1 Re3 25. Qd2 Bc3 26. Qc2 Bd7 27. dxc6 Bxc6 28. Nd5 Bxd5 29. Bxd5 Qe7 30. Qxf5 Rf8 31. Qg6+ Bg7 32. Qxg4 Qg5 33. Qxg5 hxg5 34. Rde1 Rxe1 35. Rxe1 Bf6 36. Bxb7 Rd8 37. Bd5 Kg7 38. Kg2 a5 39. Kf3 Kg6 40. a3 Rb8 41. Rb1 Rh8 42. Kg2 Re8 43. Bf3 Re3 44. b4 Rxa3 45. b5 Ra2+ 46. Kf1 Bd4 47. Be2 Ra1 48. Rxa1 Bxa1 49. c5 Bd4 50. c6 Bb6 51. g4 Kf6 52. Bc4 Ke7 53. Ke2 f6 54. Kd3 Kd6 55. Ke4 Kc5 56. Bd3 a4 57. Kf5 Bd8 58. Ke6 a3 59. Bb1 Kb6 60. Kd7 Bc7 61. h3 Be5 62. Ba2 Bc7 63. Ke6 Be5 64. Kd5 Kxb5 65. Bb3 Kb4 66. Ba2 Kc3 67. Ke6 Kb2 68. Bd5 a2 69. Bxa2 Kxa2 70. Kd7 Kb3 71. c7 Bxc7 72. Kxc7 Kc4 73. Kd7 Kd5 74. Ke7 Ke5 75. Kf7 f5 76. gxf5 Kxf5 77. Kg7 Kf4 78. Kh6 Kg3 79. Kxg5 Kxh3 1/2-1/2


[Site "https://www.chess.com"]

[Event "Titled Tuesday Blitz February 28 Early 2023"]
[White "Baches Garcia, Guillermo"]
[Black "Ruiz Aguilar, Pablo Alexander"]
[WhiteFideId "2209764"]
[BlackFideId "4401352"]
[WhiteElo "2507"]
[BlackElo "2138"]
[Result "0-1"]
[Round "04"]
[TimeControl "180+2"]
[Date "2023.02.28"]
[WhiteClock "0:00:12"]
[BlackClock "0:00:22"]

1. e4 c5 2. Nf3 e6 3. d4 cxd4 4. Nxd4 a6 5. c4 Qc7 6. Nc3 b6 7. a3 Bb7 8. Be3 Nf6 9. f3 d6 10. Be2 Nbd7 11. O-O Be7 12. a4 Rc8 13. a5 O-O 14. Nb3 Rb8 15. axb6 Nxb6 16. Na5 Bc8 17. Qd2 d5 18. cxd5 exd5 19. exd5 Bd6 20. f4 Bb4 21. Nc6 Nbxd5 22. Nxb4 Nxb4 23. Rac1 Rd8 24. Qe1 Qe7 25. Bc4 Nd3 26. Bxd3 Rxd3 27. Bf2 Qxe1 28. Rfxe1 Bf5 29. Na4 h5 30. Nc5 Rd2 31. Nxa6 Rbxb2 32. Rf1 Ng4 33. Bg3 Rxg2+ 34. Kh1 h4 0-1


[Site "https://www.chess.com"]

[Event "Titled Tuesday Blitz February 28 Early 2023"]
[White "Kavutskiy, Konstantin"]
[Black "Vifleemskaia, Svetlana"]
[WhiteFideId "2026384"]
[BlackFideId "4129490"]
[WhiteElo "2369"]
[BlackElo "1930"]
[Result "1/2-1/2"]
[Round "04"]
[TimeControl "180+2"]
[Date "2023.02.28"]
[WhiteClock "0:00:38"]
[BlackClock "0:00:17"]

1. d4 Nf6 2. Bg5 Ne4 3. Bf4 d5 4. Nd2 Nxd2 5. Qxd2 c5 6. e3 Nc6 7. Nf3 Bf5 8. Bb5 e6 9. Ne5 Rc8 10. O-O Bd6 11. c3 O-O 12. a3 Nxe5 13. Bxe5 f6 14. Bg3 a6 15. Ba4 b5 16. Bb3 Bxg3 17. hxg3 Qd6 18. Rae1 c4 19. Bd1 Bd3 20. Be2 Bxe2 21. Qxe2 f5 22. Qf3 a5 23. Qf4 Rc6 24. Kh2 Rb8 25. Rh1 Qxf4 26. exf4 b4 27. axb4 axb4 28. Re3 Ra6 29. Rhe1 Kf7 30. Kh3 bxc3 31. bxc3 Rb2 32. f3 h5 33. R3e2 Rxe2 34. Rxe2 Ra3 35. Rc2 Kf6 36. Kh4 Kg6 37. g4 hxg4 38. fxg4 fxg4 39. Kxg4 Kf6 40. g3 g6 41. Rc1 Rb3 42. Rc2 Ra3 43. Kf3 Rb3 44. g4 g5 45. Ke3 Ra3 46. Kf3 Rb3 47. Ke3 Ra3 48. Kf3 Rb3 1/2-1/2


[Site "https://www.chess.com"]